 Dungeon Crawl Stone Soup version 0.29-a0-902-g0f71de6fce (console) character file.

Game seed: 12464339944353252861

225 RBrandon the Chucker (level 5, -3/38 HPs)
             Began as a Mummy Brigand on July 24, 2022.
             Slain by a kobold brigand
             ... wielding a +0 whip
              (6 damage)
             ... on level 4 of the Dungeon.
             The game lasted 00:05:06 (3373 turns).

RBrandon the Chucker (Mummy Brigand)                Turns: 3373, Time: 00:05:06

Health: -3/38      AC:  3    Str: 14    XL:     5   Next: 68%
Magic:  5/5        EV: 11    Int: 16    God:
Gold:   222        SH:  0    Dex:  9    Spells: 4/4 levels left

rFire   . . .      SeeInvis .   l - +6 war axe {protect, rF+ Int+3 Dex-4}
rCold   + . .      Faith    .   (no shield)
rNeg    + + +      Spirit   .   b - +0 robe
rPois   ∞          Reflect  .   (no helmet)
rElec   .          Harm     .   c - +0 cloak
rCorr   .          Rampage  .   (no gloves)
Will    .....                   (no boots)
Stlth   ++........              (no amulet)
HPRegen 0.12/turn               (no ring)
MPRegen 0.09/turn               (no ring)

@: no status effects
A: cold resistance 1, negative energy resistance 3, torment resistance 2, heat
vulnerability 1, in touch with death 1, no potions
a: no special abilities


You were on level 4 of the Dungeon.
You visited 1 branch of the dungeon, and saw 4 of its levels.

You collected 222 gold pieces.

Inventory:

Hand Weapons
 a - a +2 dagger
 l - the +6 war axe "Grim Tooth" (weapon) {protect, rF+ Int+3 Dex-4}
   (You found it on level 2 of the Dungeon)

   It grants its wielder temporary protection when it strikes (+7 to AC).
   Int:       It affects your intelligence (+3).
   Dex:       It affects your dexterity (-4).
   rF:        It protects you from fire.
Missiles
 d - 8 poisoned darts (quivered)
 o - 2 throwing nets
Armour
 b - a +0 robe (worn)
 c - a +0 cloak (worn)
 g - a +0 ring mail
Jewellery
 k - a ring of resist corrosion
 q - a ring of flight
 r - the ring "Zeetuhupn" {Fire Drain Int+3 Stlth+}
   (You found it on level 2 of the Dungeon)

   [ring of fire]

   It enhances your fire magic.
   Int:       It affects your intelligence (+3).
   rF:        It protects you from fire.
   rC:        It makes you vulnerable to cold.
   Drain:     It drains your maximum health when unequipped.
   Stlth:     It makes you more stealthy.
 u - a ring of wizardry
Scrolls
 f - a scroll of amnesia {unknown}
 h - 2 scrolls of poison {unknown}
 i - 3 scrolls of identify {unknown}
 j - 3 scrolls of teleportation {unknown}
 m - 2 scrolls of vulnerability {unknown}
 n - a scroll of torment {unknown}
 p - a scroll of enchant armour {unknown}
 s - a scroll of blinking {unknown}
 t - a scroll of acquirement {unknown}


   Skills:
 - Level 2.1 Fighting
 - Level 1.7 Short Blades
 + Level 4.7 Throwing
 - Level 1.0 Dodging
 - Level 3.3 Stealth


You had 4 spell levels left.
You didn't know any spells.
Your spell library was empty.

Dungeon Overview and Level Annotations

Branches:
Dungeon (4/15)
 Temple: D:4-7

Altars:


Innate Abilities, Weirdness & Mutations

You are immune to poison.
Your flesh is cold resistant. (rC+)
You are immune to negative energy. (rN+++)
You are immune to unholy pain and torment.
You are vulnerable to heat. (rF-)
You are in touch with the powers of death.
You do not drink.


Message History

You start resting.
A kobold brigand comes into view.
It is wielding a +0 whip and quivering poisoned darts.
The kobold brigand shouts!
The kobold brigand throws a poisoned dart.
The poisoned dart hits you!
You open the door.
There is an open door here.
You start resting.
A kobold brigand is nearby!
You slash the kobold brigand!
Your weapon exudes an aura of protection.
The kobold brigand is heavily wounded.
The kobold brigand hits you but does no damage.
You barely miss the kobold brigand.
The kobold brigand is heavily wounded.
The kobold brigand closely misses you. The kobold brigand barely misses you.
You barely miss the kobold brigand.
The kobold brigand is heavily wounded.
The kobold brigand hits you with a +0 whip!
* * * LOW HITPOINT WARNING * * *
You barely miss the kobold brigand.
The kobold brigand is heavily wounded.
The kobold brigand hits you with a +0 whip.
* * * LOW HITPOINT WARNING * * *
The kobold brigand hits you with a +0 whip.
* * * LOW HITPOINT WARNING * * *
You closely miss the kobold brigand.
The kobold brigand is heavily wounded.
The kobold brigand hits you but does no damage.
You miss the kobold brigand.
The kobold brigand is heavily wounded.
The kobold brigand misses you. The kobold brigand closely misses you.
You closely miss the kobold brigand.
The kobold brigand is heavily wounded.
The kobold brigand hits you with a +0 whip!
* * * LOW HITPOINT WARNING * * *
You miss the kobold brigand.
The kobold brigand is heavily wounded.
The kobold brigand hits you with a +0 whip.
You die...

#.# #.# #.#.#.#.#.#.## #.#
#.#+#(#.#.#.#.#... #.#
#..)#K#.#.#.#.#..
#.#+...'#.#.#.#.#.#..
#.#...#†#.#.#[#.##..
#........<.........
#.####.#.##.#####..
###K###........# #.<.
#...@....#.##.####...
#..........##........
#.......##[##........
#.......##.##..###... #.#####
#.†!....##.##..###...
#.P.PP###.>...P..............
..≈≈.P##....P.≈.#.##........
#PPP≈≈P#....P≈≈P..##.####...
PPP≈PP####.≈≈♣...##.# #.#.


You could see a kobold brigand.

Vanquished Creatures
  An ogre (D:4)
  An orc priest (D:3)
  4 adders
  A worm (D:2)
  2 dart slugs (D:1)
  8 orcs (D:3)
  5 bats
  4 endoplasms
  4 giant cockroaches
  8 goblins
  8 hobgoblins
  3 quokkas
  4 ball pythons
  2 frilled lizards
  3 kobolds
  2 rats (D:3)
60 creatures vanquished.

Notes
Turn   | Place    | Note
-------+----------+-------------------------------------------
     0 | D:1      | RBrandon the Mummy Brigand began the quest for the Orb.
     0 | D:1      | Reached XP level 1. HP: 16/16 MP: 1/1
    80 | D:1      | Reached skill level 1 in Dodging
   217 | D:1      | Reached XP level 2. HP: 9/22 MP: 2/2
   546 | D:1      | Reached skill level 2 in Throwing
  1342 | D:1      | Gained mutation: You are in touch with the powers of death.
                  | [Mummy growth]
  1342 | D:1      | Reached XP level 3. HP: 27/27 MP: 3/3
  1631 | D:2      | Found a faded altar of an unknown god.
  1882 | D:2      | Identified the +6 war axe "Grim Tooth" {protect, rF+ Int+3
                  | Dex-4}
  2442 | D:2      | Reached skill level 3 in Throwing
  2457 | D:2      | Identified the ring "Zeetuhupn" {Fire Drain Int+3 Stlth+}
  2654 | D:3      | Reached XP level 4. HP: 30/33 MP: 4/4
  2943 | D:3      | Reached skill level 4 in Throwing
  2948 | D:3      | Reached XP level 5. HP: 33/38 MP: 5/5
  3280 | D:4      | Noticed an ogre
  3299 | D:4      | Killed an ogre
  3373 | D:4      | Slain by a kobold brigand

Illustrated notes

Levels and vault maps discovered:
D:1:      dpeg_arrival_rooms_with_view, layout_basic
D:2:      layout_basic, ebering_ecumenical_altar_petrified,
          minmay_misc_feat_square, amethyst_killhole
D:3:      layout_rooms
D:4:      layout_basic, jmf_multi_god_temple, hangedman_glass_teeth,
          serial_bayou_lagoon_a, uniq_menkaure

Skill      XL: |  1  2  3  4 |
---------------+-------------+-----
Dodging        | 1 |  1.0
Throwing       | 2 3 4 |  4.7
Fighting       | |  2.1
Short Blades   | |  1.7
Stealth        | |  3.3

Action                   |  1- 3 |  4- 6 || total
-------------------------+-------+-------++-------
Melee: Dagger            |    88 |       ||    88
       War axe           |    20 |    41 ||    61
Throw: Dart              |       |     4 ||     4
       Throwing net      |       |     2 ||     2
 Stab: Sleeping          |     9 |     2 ||    11
Armor: Robe              |    19 |    15 ||    34
Dodge: Dodged            |    59 |    25 ||    84

Table legend: (Time is in decaauts)
 A = Elapsed time spent in this place.
 B = Non-inter-level travel time spent in this place.
 C = Inter-level travel time spent in this place.
 D = Time resting spent in this place.
 E = Time spent auto-exploring this place.
 F = Levels seen in this place.
 G = Mean time per level.
                   A        B        C        D        E       F      G
               +--------+--------+--------+--------+--------+-----+--------+
         Total |   3398 |   3224 |    174 |    270 |   2372 |   4 |  849.5 |
       Dungeon |   3398 |   3224 |    174 |    270 |   2372 |   4 |  849.5 |
               +--------+--------+--------+--------+--------+-----+--------+

Top non-repeatable levels by time:
     D:1: 1382 daAuts
     D:2: 1203 daAuts
     D:3: 567 daAuts
     D:4: 245 daAuts

Table legend:
 A = Kills in this place as a percentage of kills in entire the game.
 B = Kills by you in this place as a percentage of kills by you in the entire game.
 C = Kills by friends in this place as a percentage of kills by friends in the entire game.
 D = Other kills in this place as a percentage of other kills in the entire game.
 E = Experience gained in this place as a percentage of experience gained in the entire game.
 F = Experience gained in this place divided by the number of levels of this place that you have seen.
                   A       B       C       D       E      F
               +-------+-------+-------+-------+-------+----------------------
         Total | 100.0 | 100.0 |   N/A |   N/A | 100.0 |  80.5
       Dungeon | 100.0 | 100.0 |   N/A |   N/A | 100.0 |  80.5
               +-------+-------+-------+-------+-------+----------------------
